 Dungeon Sprint DCSS version 0.27-a0-808-g60bc5d92e6 (webtiles) character file.

Game seed: 136718569723882901

607 mhtbhm the Slicer (level 7, -4/79 HPs)
             Began as a Kobold Berserker on Mar 28, 2021.
             Was a Priest of Trog.
             Slain by an ice devil (7 damage)
             ... summoned by a kobold demonologist
             ... in the Dungeon (Sprint I: "Red Sonja").
             The game lasted 00:01:20 (874 turns).

mhtbhm the Slicer (Kobold Berserker)                 Turns: 874, Time: 00:01:20

Health: -4/79      AC:  5    Str: 16    XL:     7   Next: 71%
Magic:  7/7        EV: 17    Int:  9    God:    Trog [***...]
Gold:   174        SH:  0    Dex: 14    Spells: 6/6 levels left

rFire    . . .     SeeInvis .   a - +0 short sword
rCold    . . .     Faith    .   (shield restricted)
rNeg     . . .     Spirit   .   b - +0 leather armour
rPois    .         Reflect  .   (no helmet)
rElec    .         Harm     .   e - +1 cloak {rCorr}
rCorr    +         Rampage  .   (no gloves)
Will     .....     NoTele   +   (no boots)
Stlth    ..........             (no amulet)
HPRegen  0.23/turn              (no ring)
MPRegen  0.10/turn              (no ring)

@: berserking (expiring), very quick
A: small, no large weapons, nightstalker 3
a: Renounce Religion, Berserk, Trog's Hand


You were in the Dungeon.
You worshipped Trog.
Trog was most pleased with you.
You visited 1 branch You collected 405 gold pieces.
You spent 231 gold pieces at shops.

Inventory:

Hand Weapons
 a - a +0 short sword (weapon)
Armour
 b - a +0 leather armour (worn)
 e - a +1 cloak of preservation (worn)
Scrolls
 c - a scroll of magic mapping {unknown}
 h - a scroll of blinking
Potions
 d - a potion of heal wounds
 f - 2 potions of magic
 g - a potion of berserk rage


   Skills:
 + Level 10.9 Fighting
 + Level 12.8 Short Blades
 + Level 4.3 Armour
 + Level 6.9 Dodging
 + Level 2.2 Stealth


You had 6 spell levels left.
You didn't know any spells.
Your spell library was empty.

Dungeon Overview and Level Annotations

Branches:
Dungeon (1/1)

Altars:
Cheibriados
Dithmenos
Elyvilon
Fedhas
Gozag
Hepliaklqana
Kikubaaqudgha
Makhleb
Nemelex Xobeh
Okawaru
Qazlal
Ru
Sif Muna
Trog
Uskayaw
Vehumet
Wu Jian
Xom
Yredelemnul
Zin
The Shining One
Jiyva
Lugonu

Shops:
D [


Innate Abilities, Weirdness & Mutations

You are small and have problems with some larger weapons.
You are completely attuned to the shadows.


Message History

You hit the ice devil.
The ice devil is moderately wounded.
You barely miss the ice devil.
The ice devil is moderately wounded.
The ice devil misses you.
Unknown command.
You hit the ice devil.
The ice devil is moderately wounded.
The kobold demonologist casts a spell.
The floating eye seems to glare at you.
You puncture the ice devil!
The ice devil is heavily wounded.
You hit the ice devil.
The ice devil is severely wounded.
You hit the ice devil.
The ice devil is severely wounded.
The kobold demonologist gestures wildly while chanting.
The ice devil closely misses you.
The kobold demonologist begins to cast a cantrip, but forgets the words!
You barely miss the ice devil.
The ice devil is severely wounded.
Unknown command.
You closely miss the ice devil.
The ice devil is severely wounded.
You hit the ice devil.
The ice devil is severely wounded.
The ice devil hits you!
* * * LOW HITPOINT WARNING * * *
The ice devil freezes you!
* * * LOW HITPOINT WARNING * * *
The white imp grins evilly.
You barely miss the ice devil.
The ice devil is severely wounded.
You hit the ice devil.
The ice devil is almost dead.
Unknown command.
You barely miss the ice devil.
The ice devil is almost dead.
The ice devil hits you!
You die...

######################
.[').#..'..#__#.@4GK3#
).#..)..#..'^.'..#K35#
####'#####'#__####355+
###..#...#)#### ####
__####..##.#
_____##'#_.+
_.∩..†'..._#
_..__##_.#'#
_____###+#:#


You could see an ice devil (summoned), 2 kobold demonologists, 2 neqoxecs, a
floating eye (charged), a crimson imp (summoned), a white imp (summoned) and an
ufetubus (summoned).

Vanquished Creatures
  A slime creature (D)
  Sigmund (D)
  A yak (D)
  An ogre (D)
  A jelly (D)
  Ijyb (D)
6 creatures vanquished.

Notes
Turn   | Place    | Note
-------+----------+-------------------------------------------
     0 | D        | mhtbhm the Kobold Berserker began the quest for the Orb.
     0 | D        | Reached XP level 1. HP: 14/14 MP: 1/1
     1 | D        | Noticed Ijyb
     9 | D        | Killed Ijyb
    10 | D        | Reached skill level 5 in Fighting
    10 | D        | Reached skill level 6 in Short Blades
    10 | D        | Reached XP level 2. HP: 21/21 MP: 2/2
    10 | D        | Reached XP level 3. HP: 26/26 MP: 3/3
    58 | D        | Noticed an ogre
    65 | D        | Killed an ogre
    66 | D        | Reached skill level 8 in Short Blades
    66 | D        | Reached XP level 4. HP: 34/34 MP: 4/4
    66 | D        | Reached XP level 5. HP: 38/38 MP: 5/5
   167 | D        | Noticed Sigmund
   188 | D        | Killed Sigmund
   188 | D        | Reached ** piety under Trog
   189 | D        | Reached skill level 10 in Short Blades
   189 | D        | Reached skill level 5 in Dodging
   189 | D        | Reached XP level 6. HP: 3/46 MP: 6/6
   492 | D        | Found an ornate altar of the Wu Jian Council.
   493 | D        | Found a shimmering blue altar of Sif Muna.
   494 | D        | Found a radiant altar of Vehumet.
   505 | D        | Reached skill level 11 in Short Blades
   696 | D        | Found a burning altar of Makhleb.
   696 | D        | Found a viscous altar of Jiyva.
   696 | D        | Found a shimmering altar of Xom.
   696 | D        | Found a corrupted altar of Lugonu.
   696 | D        | Noticed a slime creature
   710 | D        | Killed a slime creature
   711 | D        | Reached skill level 10 in Fighting
   711 | D        | Reached skill level 12 in Short Blades
   711 | D        | Reached skill level 1 in Stealth
   711 | D        | Reached XP level 7. HP: 53/53 MP: 7/7
   815 | D        | Found a hazy altar of Hepliaklqana.
   815 | D        | Found a stormy altar of Qazlal.
   815 | D        | Found a hide-covered altar of Uskayaw.
   815 | D        | Found a blossoming altar of Fedhas.
   815 | D        | Noticed a yak
   816 | D        | Found Izups's Armour Emporium.
   816 | D        | Found a bloodstained altar of Trog.
   816 | D        | Found an opulent altar of Gozag.
   816 | D        | Found a snail-covered altar of Cheibriados.
   824 | D        | Killed a yak
   824 | D        | Reached *** piety under Trog
   825 | D        | Found an iron altar of Okawaru.
   825 | D        | Found a sparkling altar of Nemelex Xobeh.
   825 | D        | Found a sacrificial altar of Ru.
   825 | D        | Found a glowing silver altar of Zin.
   826 | D        | Found an ancient bone altar of Kikubaaqudgha.
   826 | D        | Found a basalt altar of Yredelemnul.
   826 | D        | Found a glowing golden altar of the Shining One.
   826 | D        | Found a shadowy altar of Dithmenos.
   826 | D        | Found a white marble altar of Elyvilon.
   829 | D        | Bought a +1 cloak of preservation for 231 gold pieces
   854 | D        | Noticed a kobold demonologist
   855 | D        | Noticed a kobold demonologist
   856 | D        | Noticed a sixfirhy
   856 | D        | Paralysed by a floating eye for 2 turns
   857 | D        | Noticed an ice devil
   858 | D        | Noticed a neqoxec
   866 | D        | Noticed a neqoxec
   871 | D        | HP: 3/79 [ice devil[a kobold demonologist] (9)]
   874 | D        | Slain by an ice devil

Illustrated notes

Levels and vault maps discovered:
D:        dungeon_sprint_1 [red_sonja_temple_1, red_sonja_temple_small_1]

Skill      XL: |  1  2  3  4  5  6  7 |
---------------+----------------------+-----
Fighting       | 5 7 9 10 | 10.9
Short Blades   | 6 8 10 12 | 12.8
Armour         | 2 3 4 |  4.3
Dodging        | 3 4 5 6 |  6.9
Stealth        | 1 2 |  2.2

Action                   |  1- 3 |  4- 6 |  7- 9 || total
-------------------------+-------+-------+-------++-------
Melee: Short sword       |    11 |    29 |    24 ||    64
Invok: Berserk           |     2 |     3 |     1 ||     6
  Use: Potion            |       |     2 |       ||     2
 Stab: Sleeping          |       |       |     1 ||     1
Armor: Leather armour    |       |       |     1 ||     1
Dodge: Dodged            |     3 |    11 |     5 ||    19

Table legend: (Time is in decaauts)
 A = Elapsed time spent in this place.
 B = Non-inter-level travel time spent in this place.
 C = Inter-level travel time spent in this place.
 D = Time resting spent in this place.
 E = Time spent auto-exploring this place.
 F = Levels seen in this place.
 G = Mean time per level.
                   A        B        C        D        E       F      G
               +--------+--------+--------+--------+--------+-----+--------+
         Total |    865 |    865 |      0 |    662 |      1 |   1 |  865.0 |
       Dungeon |    865 |    865 |      0 |    662 |      1 |   1 |  865.0 |
               +--------+--------+--------+--------+--------+-----+--------+

Top non-repeatable levels by time:
       D: 865 daAuts
